[Event "DVM U10 2024"]
[Site "Duesseldorf"]
[Date "2024.12.27"]
[Round "3"]
[White "Pawlus, Daniel"]
[Black "Lankenau, Matteo Joel"]
[Result "1-0"]
[ECO "D24"]
[WhiteElo "1521"]
[BlackElo "1011"]
[Annotator "NA RC"]
[PlyCount "43"]
[EventDate "2024.12.23"]
[EventType "team-tourn"]
[EventRounds "7"]
[EventCountry "GER"]
[SourceTitle "playchess.com"]
[Source "ChessBase"]
[SourceQuality "1"]
[TimeControl "3300+5"]

1. d4 d5 2. c4 e6 3. Nc3 Nf6 4. Nf3 dxc4 5. e4 Nc6 6. Bxc4 Bd6 7. e5 Na5 8. Bd3 Nd5 9. Nxd5 exd5 10. Qa4+ Nc6 11. exd6 Qxd6 12. Ne5 Qe6 13. Bb5 Bd7 14. O-O O-O 15. Nxd7 Qxd7 16. Bf4 a6 17. Bxc6 bxc6 18. Rac1 Qf5 19. Bxc7 Qe6 20. Rxc6 Qe7 21. Bd6 Qe6 22. Bxf8 1-0

[Event "DVM U10 2024"]
[Site "Duesseldorf"]
[Date "2024.12.27"]
[Round "3"]
[White "Stopp, Bruno"]
[Black "von Gehlen, Elian"]
[Result "1/2-1/2"]
[ECO "B15"]
[WhiteElo "1519"]
[BlackElo "1464"]
[Annotator "NA RC"]
[PlyCount "61"]
[EventDate "2024.12.23"]
[EventType "team-tourn"]
[EventRounds "7"]
[EventCountry "GER"]
[SourceTitle "playchess.com"]
[Source "ChessBase"]
[SourceQuality "1"]
[TimeControl "3300+5"]

1. e4 c6 2. d4 d5 3. Nd2 dxe4 4. Nxe4 Nf6 5. Nxf6+ exf6 6. Nf3 Bd6 7. Bd3 O-O 8. O-O Bg4 9. h3 Bxf3 10. Qxf3 Re8 11. Be3 Nd7 12. Rfe1 Nb6 13. Qh5 g6 14. Qg4 Nd5 15. Bh6 Qa5 16. c3 Rxe1+ 17. Rxe1 Qxa2 18. Qd7 Bf8 19. Re8 Nb6 20. Qe7 Rxe8 21. Qxe8 Nd7 22. Qxd7 Qa1+ 23. Kh2 Bxh6 24. Bc4 Bf4+ 25. g3 Bxg3+ 26. fxg3 Qxb2+ 27. Kg1 Qc1+ 28. Kf2 Qd2+ 29. Be2 Qxc3 30. g4 Qxh3 31. Qxb7 1/2-1/2

[Event "DVM U10 2024"]
[Site "Duesseldorf"]
[Date "2024.12.27"]
[Round "3"]
[White "Hantke, Florian"]
[Black "Thirumal, Shravan"]
[Result "1-0"]
[ECO "B21"]
[WhiteElo "1517"]
[BlackElo "1614"]
[Annotator "NA RC"]
[PlyCount "75"]
[EventDate "2024.12.23"]
[EventType "team-tourn"]
[EventRounds "7"]
[EventCountry "GER"]
[SourceTitle "playchess.com"]
[Source "ChessBase"]
[SourceQuality "1"]
[TimeControl "3300+5"]

1. e4 c5 2. d3 e6 3. f4 Nc6 4. Nf3 g6 5. c3 Bg7 6. Be2 Nge7 7. Na3 O-O 8. Nc2 Rb8 9. O-O d5 10. Be3 d4 11. cxd4 cxd4 12. Bf2 b5 13. Rb1 a5 14. b3 f5 15. e5 Nd5 16. Qd2 Nc3 17. Rb2 b4 18. Nfxd4 Nxd4 19. Nxd4 Qc7 20. Rc2 Bb7 21. Nxe6 Qc6 22. Bf3 Qxe6 23. Bxb7 Rxb7 24. Bd4 Rc7 25. Bxc3 bxc3 26. Rxc3 Qb6+ 27. Rf2 Qb4 28. Rxc7 Qxd2 29. Rxd2 Bh6 30. g3 Ra8 31. Rdc2 a4 32. Rc8+ Rxc8 33. Rxc8+ Bf8 34. bxa4 Kf7 35. a5 Be7 36. a6 Ke6 37. a7 Bc5+ 38. Rxc5 1-0

[Event "DVM U10 2024"]
[Site "Duesseldorf"]
[Date "2024.12.27"]
[Round "3"]
[White "Dintinger, Ata Lucien"]
[Black "Riazi, Dominik"]
[Result "1-0"]
[ECO "C29"]
[WhiteElo "1511"]
[BlackElo "1602"]
[Annotator "NA RC"]
[PlyCount "60"]
[EventDate "2024.12.23"]
[EventType "team-tourn"]
[EventRounds "7"]
[EventCountry "GER"]
[SourceTitle "playchess.com"]
[Source "ChessBase"]
[SourceQuality "1"]
[TimeControl "3300+5"]

1. e4 e5 2. Nc3 Nf6 3. f4 d5 4. fxe5 Nxe4 5. Nf3 Be7 6. d4 O-O 7. Bd3 Nxc3 8. bxc3 Bg4 9. Bf4 c5 10. Qd2 cxd4 11. cxd4 Qb6 12. c3 Nd7 13. Rb1 Qc7 14. e6 Qc6 15. exd7 Qxd7 16. Ne5 Qe6 17. O-O f6 18. Nxg4 Qxg4 19. Rxb7 Rfe8 20. Re1 Ba3 21. Rxe8+ Rxe8 22. Rxa7 Bf8 23. h3 Qh4 24. Qf2 Qh5 25. Qf3 Qh4 26. Qxd5+ Kh8 27. Qf3 Qe1+ 28. Kh2 Qxc3 29. Bb5 Qxd4 30. Bxe8 Qxa7 1-0

[Event "DVM U10 2024"]
[Site "Duesseldorf"]
[Date "2024.12.27"]
[Round "3"]
[White "Liu, Yichen"]
[Black "Jiang, Lucas"]
[Result "0-1"]
[ECO "C45"]
[WhiteElo "1500"]
[BlackElo "2261"]
[Annotator "RC"]
[PlyCount "74"]
[EventDate "2024.12.23"]
[EventType "team-tourn"]
[EventRounds "7"]
[EventCountry "GER"]
[SourceTitle "playchess.com"]
[Source "ChessBase"]
[SourceQuality "1"]
[TimeControl "3300+5"]

1. e4 e5 2. Nf3 Nc6 3. d4 exd4 4. Nxd4 Bc5 5. Be3 Bxd4 6. Bxd4 Nf6 7. Nc3 d6 8. Bb5 Bd7 9. Be3 h6 10. Qd2 Qe7 11. f3 a6 12. Bd3 O-O-O 13. O-O-O Rhe8 14. Bc4 Ne5 15. Bb3 Be6 16. Bd5 Nc4 17. Bxc4 Bxc4 18. Rhe1 Qe6 19. a3 d5 20. b3 dxe4 21. Qf2 Bd5 22. fxe4 Nxe4 23. Nxe4 Bxe4 24. Rxd8+ Kxd8 25. Rd1+ Kc8 26. Bd4 Rd8 27. Bxg7 Rxd1+ 28. Kxd1 Qg4+ 29. Qe2 Bxc2+ 30. Kxc2 Qxe2+ 31. Kc3 Qxg2 32. Be5 Kd7 33. Bg3 f5 34. Kd3 f4 35. Be1 Qxh2 36. Ke4 Qe2+ 37. Kxf4 Qxe1 0-1

[Event "DVM U10 2024"]
[Site "Duesseldorf"]
[Date "2024.12.27"]
[Round "3"]
[White "Hu, Yinuo"]
[Black "Golnik, Rasmus"]
[Result "1/2-1/2"]
[ECO "B13"]
[WhiteElo "1495"]
[BlackElo "1087"]
[Annotator "NA RC"]
[PlyCount "47"]
[EventDate "2024.12.23"]
[EventType "team-tourn"]
[EventRounds "7"]
[EventCountry "GER"]
[SourceTitle "playchess.com"]
[Source "ChessBase"]
[SourceQuality "1"]
[TimeControl "3300+5"]

1. e4 c6 2. d4 d5 3. exd5 cxd5 4. Nf3 Nf6 5. g3 Bf5 6. Bg2 e6 7. O-O Bd6 8. Nc3 Nc6 9. Be3 Rf8 10. a3 h6 11. Nb5 Qd7 12. Nxd6+ Qxd6 13. Bf4 Qd7 14. Ne5 Nxe5 15. dxe5 Ne4 16. f3 Nc5 17. Qd4 Rc8 18. c3 Nb3 19. Qxa7 Nxa1 20. Rxa1 Ke7 21. Qd4 Rfd8 22. g4 Bc2 23. g5 h5 24. g6 1/2-1/2

[Event "DVM U10 2024"]
[Site "Duesseldorf"]
[Date "2024.12.27"]
[Round "3"]
[White "Breaz, Albert"]
[Black "Sauer, Ben"]
[Result "0-1"]
[ECO "B46"]
[WhiteElo "1494"]
[BlackElo "1645"]
[Annotator "NA RC"]
[PlyCount "80"]
[EventDate "2024.12.23"]
[EventType "team-tourn"]
[EventRounds "7"]
[EventCountry "GER"]
[SourceTitle "playchess.com"]
[Source "ChessBase"]
[SourceQuality "1"]
[TimeControl "3300+5"]

1. e4 c5 2. Nf3 e6 3. d4 cxd4 4. Nxd4 a6 5. Nc3 Nc6 6. Nf3 Qc7 7. Bd3 Nf6 8. Bg5 Be7 9. O-O O-O 10. Re1 d6 11. Qe2 Nd7 12. Bf4 b6 13. Nd5 exd5 14. exd5 Nce5 15. Nxe5 dxe5 16. Qh5 g6 17. Bxe5 Nxe5 18. Qxe5 Bd6 19. Qe4 Bxh2+ 20. Kh1 Bf5 21. Qf3 Bxd3 22. Qxd3 Bd6 23. Re3 Bc5 24. Rh3 a5 25. Qd2 Rad8 26. Qh6 f6 27. Rd1 Rf7 28. Rc3 Qb7 29. Qd2 Bb4 30. a3 Bxc3 31. bxc3 Rfd7 32. c4 Qc7 33. Qd4 Rd6 34. Re1 Rc8 35. Re6 Rxe6 36. dxe6 Rd8 37. Qg4 Qd6 38. Qe4 Qe5 39. Qf3 Qxe6 40. Qf4 Rd1+ 0-1

[Event "DVM U10 2024"]
[Site "Duesseldorf"]
[Date "2024.12.27"]
[Round "3"]
[White "Huang, Flora Yueya"]
[Black "Götz, Georg"]
[Result "1-0"]
[ECO "A32"]
[WhiteElo "1481"]
[BlackElo "1284"]
[Annotator "NA"]
[PlyCount "133"]
[EventDate "2024.12.23"]
[EventType "team-tourn"]
[EventRounds "7"]
[EventCountry "GER"]
[SourceTitle "playchess.com"]
[Source "ChessBase"]
[SourceQuality "1"]
[TimeControl "3300+5"]

1. d4 Nf6 2. c4 c5 3. Nf3 cxd4 4. Nxd4 e6 5. Nc3 Bc5 6. Bf4 d6 7. Bg5 h6 8. Bxf6 Qxf6 9. e3 Bxd4 10. Qxd4 Qxd4 11. exd4 Bd7 12. a3 Nc6 13. Rd1 Ne7 14. Bd3 O-O 15. O-O Bc6 16. b4 d5 17. c5 a6 18. f4 Rfe8 19. Rde1 Kf8 20. Re5 Ng6 21. Bxg6 fxg6 22. Rfe1 Kf7 23. Rf1 Rab8 24. a4 b6 25. b5 axb5 26. axb5 bxc5 27. bxc6 cxd4 28. Ne2 Rb4 29. Rd1 Rc4 30. Nxd4 Re7 31. g3 Kf6 32. Kf2 Kf7 33. Ke3 Kf6 34. Rd2 Rc3+ 35. Rd3 Rc4 36. Rb3 Rc1 37. Rb7 Rc3+ 38. Kd2 Rc4 39. Kd3 Rxb7 40. cxb7 Rb4 41. Rxe6+ Kf7 42. Rd6 Rxb7 43. Rxd5 Rb1 44. Nf3 Rb3+ 45. Ke2 Rb2+ 46. Rd2 Rb7 47. Ne5+ Kf6 48. g4 g5 49. Nd3 gxf4 50. Nxf4 Kg5 51. Kf3 Rb3+ 52. Rd3 Rb4 53. Rd5+ Kf6 54. Rf5+ Ke7 55. Nd5+ Kd6 56. Nxb4 g6 57. Rf6+ Kc5 58. Rxg6 Kxb4 59. Rxh6 Kc5 60. g5 Kd5 61. g6 Ke6 62. g7+ Kf7 63. Rg6 Kg8 64. h4 Kf7 65. g8=Q+ Ke7 66. Qh7+ Kf8 67. Rg8# 1-0

[Event "DVM U10 2024"]
[Site "Duesseldorf"]
[Date "2024.12.27"]
[Round "3"]
[White "Graf, Tom"]
[Black "Marx, Jakob"]
[Result "0-1"]
[ECO "C50"]
[WhiteElo "1456"]
[BlackElo "1591"]
[Annotator "NA RC"]
[PlyCount "42"]
[EventDate "2024.12.23"]
[EventType "team-tourn"]
[EventRounds "7"]
[EventCountry "GER"]
[SourceTitle "playchess.com"]
[Source "ChessBase"]
[SourceQuality "1"]
[TimeControl "3300+5"]

1. e4 e5 2. Nf3 Nc6 3. Bc4 Bc5 4. Nc3 Nf6 5. d3 d6 6. Bg5 h6 7. Bh4 g5 8. Bg3 Bg4 9. h3 Bh5 10. Nd5 Nd4 11. Bh2 Bxf3 12. gxf3 Nxd5 13. Bxd5 Qf6 14. f4 gxf4 15. Bxb7 Rb8 16. Bd5 Rxb2 17. Rc1 Qh4 18. Rf1 Bb4+ 19. c3 Qxh3 20. Qa4+ Ke7 21. f3 Qxh2 0-1

[Event "DVM U10 2024"]
[Site "Duesseldorf"]
[Date "2024.12.27"]
[Round "3"]
[White "Aslanov, Kamran"]
[Black "Michelson, Nathan"]
[Result "1-0"]
[ECO "C50"]
[WhiteElo "1451"]
[BlackElo "1198"]
[Annotator "NA RC"]
[PlyCount "55"]
[EventDate "2024.12.23"]
[EventType "team-tourn"]
[EventRounds "7"]
[EventCountry "GER"]
[SourceTitle "playchess.com"]
[Source "ChessBase"]
[SourceQuality "1"]
[TimeControl "3300+5"]

1. e4 e5 2. Nf3 Nf6 3. Nc3 Nc6 4. Bc4 h6 5. d3 Bc5 6. O-O O-O 7. h3 d6 8. Be3 Bxe3 9. fxe3 Be6 10. Bb3 d5 11. exd5 Nxd5 12. Nxd5 Bxd5 13. Bxd5 Qxd5 14. c4 f5 15. cxd5 Nb4 16. Qb3 c5 17. a3 Na6 18. Qxb7 e4 19. dxe4 fxe4 20. Ne5 Rxf1+ 21. Rxf1 Rb8 22. Qxa6 Re8 23. Qe6+ Rxe6 24. dxe6 a5 25. e7 Kh7 26. e8=Q c4 27. Qg6+ Kh8 28. Rf8# 1-0

[Event "DVM U10 2024"]
[Site "Duesseldorf"]
[Date "2024.12.27"]
[Round "3"]
[White "Essers, Mathilda Marie"]
[Black "Haberger, Nino"]
[Result "0-1"]
[ECO "D02"]
[WhiteElo "1435"]
[BlackElo "1098"]
[Annotator "NA RC"]
[PlyCount "64"]
[EventDate "2024.12.23"]
[EventType "team-tourn"]
[EventRounds "7"]
[EventCountry "GER"]
[SourceTitle "playchess.com"]
[Source "ChessBase"]
[SourceQuality "1"]
[TimeControl "3300+5"]

1. d4 e6 2. Nf3 d5 3. Bf4 Nc6 4. e3 Bd7 5. Nbd2 Nf6 6. a3 Be7 7. Bd3 O-O 8. O-O a6 9. c4 b6 10. Rc1 Re8 11. c5 bxc5 12. dxc5 Nh5 13. Be5 Nxe5 14. Nxe5 Nf6 15. f4 Bb5 16. Bxb5 axb5 17. Qe2 Qb8 18. c6 Bd6 19. Ndf3 h6 20. Qc2 Qb6 21. Qc3 Red8 22. Kh1 Ne4 23. Nd7 Rxd7 24. Qe1 Rdd8 25. Ne5 Bxe5 26. fxe5 Rf8 27. Qh4 Qxe3 28. Qe7 Rac8 29. Rce1 Nf2+ 30. Kg1 Nh3+ 31. Kh1 Qg1+ 32. Rxg1 Nf2# 0-1

[Event "DVM U10 2024"]
[Site "Duesseldorf"]
[Date "2024.12.27"]
[Round "3"]
[White "Benischke, Moritz"]
[Black "Brucker, Oscar"]
[Result "0-1"]
[ECO "D07"]
[WhiteElo "1421"]
[BlackElo "1291"]
[Annotator "NA RC"]
[PlyCount "140"]
[EventDate "2024.12.23"]
[EventType "team-tourn"]
[EventRounds "7"]
[EventCountry "GER"]
[SourceTitle "playchess.com"]
[Source "ChessBase"]
[SourceQuality "1"]
[TimeControl "3300+5"]

1. d4 d5 2. c4 dxc4 3. e4 Nc6 4. Nf3 Bg4 5. Be3 e6 6. Bxc4 Nf6 7. Nc3 Bb4 8. h3 Bh5 9. O-O Bxc3 10. bxc3 Nxe4 11. Rc1 O-O 12. Bd3 Nf6 13. Bg5 h6 14. Bh4 e5 15. dxe5 Nxe5 16. Be2 Qxd1 17. Rcxd1 Ng6 18. Bxf6 gxf6 19. g4 Nf4 20. Bc4 Nxh3+ 21. Kg2 Bxg4 22. Kg3 Bxf3 23. Kxf3 Ng5+ 24. Ke2 Rad8 25. Rxd8 Rxd8 26. Rb1 b6 27. Rg1 Kh7 28. f4 Ne4 29. Bxf7 Nxc3+ 30. Ke3 Nd5+ 31. Kf3 Nc3 32. Rc1 Rf8 33. Bb3 Nb5 34. Kf2 c5 35. Rb1 Nc3 36. Bc2+ Kh8 37. Rh1 Kg7 38. Rg1+ Kf7 39. Bb3+ Ke7 40. Rg7+ Kd6 41. Rxa7 Ne4+ 42. Ke1 Rh8 43. Ra6 Kc6 44. Bd1 h5 45. Bf3 f5 46. Ra3 Kc7 47. Bxe4 fxe4 48. Kf1 h4 49. Kg1 Kc6 50. f5 Kd5 51. f6 Ke6 52. Ra6 Rb8 53. Kg2 Kxf6 54. Kh3 Kg5 55. Ra4 Re8 56. Ra6 e3 57. Rxb6 e2 58. Rb1 e1=Q 59. Rxe1 Rxe1 60. a4 Ra1 61. a5 Rxa5 62. Kg2 c4 63. Kf2 c3 64. Ke2 h3 65. Kf2 c2 66. Kg3 c1=Q 67. Kxh3 Ra4 68. Kg3 Qc3+ 69. Kf2 Ra2+ 70. Kf1 Qc1# 0-1

[Event "DVM U10 2024"]
[Site "Duesseldorf"]
[Date "2024.12.27"]
[Round "3"]
[White "Wittenberger, Henri"]
[Black "Liu, Jonas"]
[Result "0-1"]
[ECO "B31"]
[WhiteElo "1421"]
[BlackElo "1690"]
[Annotator "NA RC"]
[PlyCount "126"]
[EventDate "2024.12.23"]
[EventType "team-tourn"]
[EventRounds "7"]
[EventCountry "GER"]
[SourceTitle "playchess.com"]
[Source "ChessBase"]
[SourceQuality "1"]
[TimeControl "3300+5"]

1. e4 c5 2. Nf3 Nc6 3. d4 cxd4 4. Nxd4 g6 5. Bb5 Bg7 6. Bxc6 bxc6 7. Nc3 d5 8. Nxc6 Bxc3+ 9. bxc3 Qc7 10. exd5 Bb7 11. Nb4 a5 12. Nd3 Bxd5 13. O-O Nf6 14. Bb2 O-O 15. a3 Rab8 16. Re1 Qc6 17. g3 Bf3 18. Ne5 Qb7 19. Nxf3 Qxb2 20. Qd3 Rfc8 21. Reb1 Qxc3 22. Qxc3 Rxb1+ 23. Rxb1 Rxc3 24. Rb5 Rxf3 25. Rxa5 Rc3 26. Ra8+ Kg7 27. a4 Rxc2 28. Kf1 Nd5 29. a5 Ra2 30. h4 h5 31. Ke1 Kf6 32. f4 e6 33. a6 Nc7 34. Ra7 Nxa6 35. Kd1 Nb4 36. Rb7 Nd5 37. Rb3 Kf5 38. Ke1 Rh2 39. Ra3 Nxf4 40. gxf4 Rxh4 41. Ra7 f6 42. Ra4 Rxf4 43. Ra5+ e5 44. Ra6 h4 45. Ra8 h3 46. Rh8 Kg4 47. Ke2 Kg3 48. Rh6 g5 49. Ke3 g4 50. Ke2 h2 51. Ke3 Rf1 52. Ke2 h1=Q 53. Rxh1 Rxh1 54. Ke3 f5 55. Kd3 f4 56. Ke4 f3 57. Kxe5 f2 58. Kd6 f1=Q 59. Kd7 Qe2 60. Kd6 Rd1+ 61. Kc5 Qc2+ 62. Kb4 Rb1+ 63. Ka3 Qb3# 0-1

[Event "DVM U10 2024"]
[Site "Duesseldorf"]
[Date "2024.12.27"]
[Round "3"]
[White "Lüttgen, Jona"]
[Black "Ahmadov, Ahmad"]
[Result "0-1"]
[ECO "C54"]
[WhiteElo "1412"]
[BlackElo "1663"]
[Annotator "NA RC"]
[PlyCount "92"]
[EventDate "2024.12.23"]
[EventType "team-tourn"]
[EventRounds "7"]
[EventCountry "GER"]
[SourceTitle "playchess.com"]
[Source "ChessBase"]
[SourceQuality "1"]
[TimeControl "3300+5"]

1. e4 e5 2. Nf3 Nc6 3. Bc4 Bc5 4. c3 Nf6 5. d4 exd4 6. e5 Ng8 7. cxd4 Bb4+ 8. Bd2 Bxd2+ 9. Qxd2 d5 10. exd6 Qxd6 11. O-O Nge7 12. Nc3 O-O 13. Ne4 Qg6 14. Ng3 Nf5 15. Bd3 Qf6 16. Nh5 Qd8 17. Rad1 g6 18. Nf4 Ncxd4 19. Ne1 Ne6 20. g4 Qg5 21. Neg2 Qxg4 22. Nd5 Kh8 23. f4 Ned4 24. Bxf5 Nxf5 25. Nf6 Qh3 26. Qb4 Kg7 27. Rfe1 Be6 28. Ne4 Bxa2 29. Qxb7 Qb3 30. Qxc7 Qxb2 31. Rd2 Qb6+ 32. Qxb6 axb6 33. Ng5 Bc4 34. Rd7 h6 35. Ne4 b5 36. Nc5 Rfd8 37. Rb7 Rd2 38. Ne4 Rdd8 39. Nc5 Nd4 40. Re4 Ra1+ 41. Kf2 Rf1+ 42. Kg3 Nf5+ 43. Kh3 h5 44. Nh4 Rf3+ 45. Kg2 Nxh4+ 46. Kg1 Rf1# 0-1

[Event "DVM U10 2024"]
[Site "Duesseldorf"]
[Date "2024.12.27"]
[Round "3"]
[White "Fabritius, Wolf"]
[Black "von Flottwell, Lionel"]
[Result "1/2-1/2"]
[ECO "D30"]
[WhiteElo "1405"]
[BlackElo "1597"]
[Annotator "NA RC"]
[PlyCount "85"]
[EventDate "2024.12.23"]
[EventType "team-tourn"]
[EventRounds "7"]
[EventCountry "GER"]
[SourceTitle "playchess.com"]
[Source "ChessBase"]
[SourceQuality "1"]
[TimeControl "3300+5"]

1. d4 d5 2. Nf3 Nf6 3. c4 e6 4. e3 Be7 5. b3 a5 6. Nc3 Bb4 7. Bd2 Ne4 8. Nxe4 dxe4 9. Bxb4 axb4 10. Ne5 O-O 11. c5 f6 12. Nc4 e5 13. Nb2 exd4 14. Bc4+ Kh8 15. exd4 Nc6 16. d5 Ne5 17. O-O Bg4 18. Qd2 f5 19. Qf4 Qf6 20. Rfe1 Rae8 21. Be2 Bxe2 22. Rxe2 Nd3 23. Qd2 Qc3 24. Rd1 Qxd2 25. Rexd2 Nxc5 26. Rc1 b6 27. Na4 Nxa4 28. bxa4 Ra8 29. Rxc7 Rxa4 30. g3 h5 31. d6 b3 32. axb3 Raa8 33. d7 g5 34. Rd6 Rfd8 35. Rdc6 Ra1+ 36. Kg2 Rd1 37. Rxb6 R1xd7 38. Rxd7 Rxd7 39. b4 Kg7 40. b5 Rd1 41. Rc6 f4 42. gxf4 gxf4 43. Re6 1/2-1/2

[Event "DVM U10 2024"]
[Site "Duesseldorf"]
[Date "2024.12.27"]
[Round "3"]
[White "Glaser-Gallion, Ludwig"]
[Black "Ni, Wilhelm Zeyin"]
[Result "0-1"]
[ECO "B72"]
[WhiteElo "1358"]
[BlackElo "1611"]
[Annotator "NA RC"]
[PlyCount "64"]
[EventDate "2024.12.23"]
[EventType "team-tourn"]
[EventRounds "7"]
[EventCountry "GER"]
[SourceTitle "playchess.com"]
[Source "ChessBase"]
[SourceQuality "1"]
[TimeControl "3300+5"]

1. e4 c5 2. Nf3 d6 3. d4 cxd4 4. Nxd4 Nf6 5. Nc3 g6 6. Be3 Bg7 7. Bc4 O-O 8. O-O Nc6 9. h3 Na5 10. Bb3 Nxb3 11. axb3 b6 12. f3 Bb7 13. Re1 e6 14. Ndb5 d5 15. e5 Nd7 16. f4 f6 17. Nd4 Qe7 18. exf6 Nxf6 19. Bf2 Ne4 20. Nxe4 dxe4 21. g3 Rfd8 22. c3 e5 23. fxe5 Bxe5 24. Qc2 a6 25. Ne2 b5 26. Bb6 Rd3 27. Rad1 Qd6 28. Bf2 Qc6 29. Nd4 Bxd4 30. Bxd4 Rxg3+ 31. Kf2 Rf3+ 32. Kg2 e3 0-1

[Event "DVM U10 2024"]
[Site "Duesseldorf"]
[Date "2024.12.27"]
[Round "3"]
[White "Estrin, Boris"]
[Black "Hornych, Fridtjof"]
[Result "0-1"]
[ECO "B12"]
[WhiteElo "1338"]
[BlackElo "1053"]
[Annotator "NA RC"]
[PlyCount "106"]
[EventDate "2024.12.23"]
[EventType "team-tourn"]
[EventRounds "7"]
[EventCountry "GER"]
[SourceTitle "playchess.com"]
[Source "ChessBase"]
[SourceQuality "1"]
[TimeControl "3300+5"]

1. e4 c6 2. d4 d5 3. e5 Bf5 4. Bd3 Bxd3 5. Qxd3 e6 6. Nf3 c5 7. c3 Nc6 8. O-O Be7 9. Be3 c4 10. Qc2 Qb6 11. Nbd2 Rc8 12. b3 cxb3 13. Nxb3 Nb4 14. Qd2 Nc6 15. Rab1 Qc7 16. Rfc1 f6 17. c4 Qd7 18. Na5 Nxa5 19. Qxa5 b6 20. Qd2 dxc4 21. Qe2 b5 22. h3 a6 23. Kh1 Qd5 24. Bd2 Nh6 25. Bxh6 gxh6 26. Qe3 h5 27. Qh6 Kd7 28. exf6 Ba3 29. Qg7+ Kc6 30. Ne5+ Kb6 31. Nd7+ Kc6 32. Ne5+ Kb6 33. Rg1 c3 34. Nd7+ Kc6 35. Nc5 Bxc5 36. dxc5 Qxc5 37. Rbc1 b4 38. Rgd1 Kb6 39. Rc2 Rcg8 40. Qd7 Rd8 41. Qxe6+ Qc6 42. Qxc6+ Kxc6 43. Rb1 a5 44. a3 Kc5 45. Kg1 Rhf8 46. Kf1 Rxf6 47. Ke2 Re6+ 48. Kf3 Rd3+ 49. Kf4 Red6 50. Rb3 Kc4 51. Rb1 Rd2 52. Rcc1 b3 53. Kg5 c2 0-1

[Event "DVM U10 2024"]
[Site "Duesseldorf"]
[Date "2024.12.27"]
[Round "3"]
[White "Klaus, Simon"]
[Black "Vignesh Bama, Dev"]
[Result "1-0"]
[ECO "C45"]
[WhiteElo "1197"]
[BlackElo "1633"]
[Annotator "NA RC"]
[PlyCount "113"]
[EventDate "2024.12.23"]
[EventType "team-tourn"]
[EventRounds "7"]
[EventCountry "GER"]
[SourceTitle "playchess.com"]
[Source "ChessBase"]
[SourceQuality "1"]
[TimeControl "3300+5"]

1. e4 e5 2. Nf3 Nc6 3. d4 exd4 4. Nxd4 Bc5 5. Be3 Qf6 6. c3 Nge7 7. Bb5 a6 8. Bxc6 Nxc6 9. O-O O-O 10. Nxc6 Qxc6 11. Bxc5 Qxc5 12. Qd4 Qg5 13. Qd3 d6 14. Re1 Re8 15. Nd2 f5 16. Nf3 Qg6 17. exf5 Bxf5 18. Qc4+ Qf7 19. Qxf7+ Kxf7 20. Rxe8 Rxe8 21. Re1 Rxe1+ 22. Nxe1 Ke6 23. Kf1 Kd5 24. Ke2 Kc4 25. Kd2 Bb1 26. a3 Kb3 27. Kc1 Be4 28. h4 d5 29. g4 c5 30. h5 h6 31. f3 Bf5 32. gxf5 d4 33. cxd4 cxd4 34. Nd3 Kc4 35. Kc2 b5 36. b3+ Kd5 37. Nb4+ Ke5 38. Nxa6 Kxf5 39. Nc7 b4 40. a4 Ke5 41. a5 Kd6 42. Nb5+ Kc5 43. Nxd4 Kd6 44. a6 Kc7 45. Ne6+ Kb6 46. Nxg7 Kxa6 47. f4 Kb6 48. f5 Kc6 49. f6 Kd7 50. Kd3 Kd6 51. Kd4 Kd7 52. Kd5 Kd8 53. Kc6 Kc8 54. f7 Kb8 55. f8=Q+ Ka7 56. Qe7+ Ka6 57. Qb7+ 1-0

[Event "DVM U10 2024"]
[Site "Duesseldorf"]
[Date "2024.12.27"]
[Round "3"]
[White "Guan, Guoyou"]
[Black "Glaser-Gallion, Leonas"]
[Result "1-0"]
[ECO "C56"]
[WhiteElo "1128"]
[BlackElo "1000"]
[Annotator "NA RC"]
[PlyCount "61"]
[EventDate "2024.12.23"]
[EventType "team-tourn"]
[EventRounds "7"]
[EventCountry "GER"]
[SourceTitle "playchess.com"]
[Source "ChessBase"]
[SourceQuality "1"]
[TimeControl "3300+5"]

1. e4 e5 2. Nf3 Nc6 3. d4 exd4 4. Bc4 Bc5 5. c3 Nf6 6. O-O Nxe4 7. cxd4 Bb6 8. Re1 d5 9. Bxd5 Qxd5 10. Nc3 Qd8 11. Nxe4 O-O 12. Be3 Re8 13. Ng3 Bg4 14. d5 Ne7 15. Bxb6 axb6 16. d6 cxd6 17. Qb3 d5 18. Ne5 Be6 19. Rac1 d4 20. Qf3 Nc6 21. Nxc6 bxc6 22. Rxc6 Qd7 23. a3 Bd5 24. Rxe8+ Rxe8 25. Rc7 Re1+ 26. Nf1 Rxf1+ 27. Kxf1 Qb5+ 28. Qe2 Bxg2+ 29. Kxg2 Qxe2 30. Rc8+ Qe8 31. Rxe8# 1-0

[Event "DVM U10 2024"]
[Site "Duesseldorf"]
[Date "2024.12.27"]
[Round "3"]
[White "Ju, Eric Zirui"]
[Black "Yuksel, Arda Eren"]
[Result "1-0"]
[ECO "C50"]
[WhiteElo "1126"]
[BlackElo "1488"]
[Annotator "NA RC"]
[PlyCount "57"]
[EventDate "2024.12.23"]
[EventType "team-tourn"]
[EventRounds "7"]
[EventCountry "GER"]
[SourceTitle "playchess.com"]
[Source "ChessBase"]
[SourceQuality "1"]
[TimeControl "3300+5"]

1. e4 e5 2. Nf3 Nc6 3. d4 exd4 4. Bc4 h6 5. Nxd4 Nxd4 6. Qxd4 c6 7. O-O Be7 8. Qxg7 d5 9. Qxh8 Kf8 10. Bxh6+ Ke8 11. Qxg8+ Kd7 12. Qxd8+ Kxd8 13. exd5 cxd5 14. Bxd5 Bf6 15. Nc3 Bxc3 16. bxc3 f5 17. Rad1 Ke7 18. Bg7 Be6 19. Rfe1 Kf7 20. Bxe6+ Kxg7 21. Rd7+ Kf6 22. Rf7+ Kg6 23. Re3 Rh8 24. Rg3+ Kh6 25. Rh3+ Kg6 26. Rxh8 Kg5 27. Rg8+ Kh6 28. Bxf5 Kh5 29. Rh7# 1-0

[Event "DVM U10 2024"]
[Site "Duesseldorf"]
[Date "2024.12.27"]
[Round "3"]
[White "Balla, Virinchi"]
[Black "von Gehlen, Samuel"]
[Result "0-1"]
[ECO "B18"]
[WhiteElo "1123"]
[BlackElo "1459"]
[Annotator "NA RC"]
[PlyCount "98"]
[EventDate "2024.12.23"]
[EventType "team-tourn"]
[EventRounds "7"]
[EventCountry "GER"]
[SourceTitle "playchess.com"]
[Source "ChessBase"]
[SourceQuality "1"]
[TimeControl "3300+5"]

1. e4 c6 2. d4 d5 3. Nc3 dxe4 4. Nxe4 Bf5 5. Ng3 Bg6 6. Nf3 Nf6 7. Bf4 Nd5 8. Be3 Qb6 9. Rb1 e6 10. a3 c5 11. Bd3 Nc6 12. Bxg6 hxg6 13. c4 Nxe3 14. fxe3 O-O-O 15. d5 Qa6 16. Rc1 Qa5+ 17. Rc3 Bd6 18. Ne2 Rh5 19. e4 Ne5 20. Ng3 Nxf3+ 21. Qxf3 Rh4 22. O-O f6 23. Rb3 exd5 24. cxd5 Re8 25. Re3 c4 26. Rc1 Kb8 27. Rxc4 Bc5 28. Nf1 Bxe3+ 29. Nxe3 Qe1+ 30. Nf1 Rhxe4 31. Rxe4 Qxe4 32. Qg3+ Qe5 33. Qxg6 Qd4+ 34. Kh1 Re1 35. Qg3+ Qe5 36. Qxe5+ Rxe5 37. g3 Rxd5 38. Ne3 Rd2 39. Nc4 Rc2 40. b3 Rc3 41. Nd2 Rd3 42. Nc4 Rxb3 43. Kg2 Rc3 44. Nd6 Rxa3 45. Nf5 g6 46. Nh4 g5 47. Nf5 b5 48. Nd4 b4 49. Nc2 Ra2 0-1